 Dungeon Crawl Stone Soup version 0.30-a0-830-gfe289a77b0 (webtiles) character file.

Game seed: 1671126111919760045

1976 damiac the Skirmisher (level 9, -1/79 HPs)
             Began as a Hill Orc Hunter on Feb 28, 2023.
             Was a Follower of Dithmenos.
             Slain by Menkaure (18 damage)
             ... on level 7 of the Dungeon.
             The game lasted 00:22:08 (6667 turns).

damiac the Skirmisher (Hill Orc Hunter)             Turns: 6667, Time: 00:22:09

Health: -1/79      AC: 10    Str: 16    XL:     9   Next: 20%
Magic:  9/9        EV: 12    Int: 11    God:    Dithmenos [*.....]
Gold:   1017       SH:  0    Dex: 14    Spells: 8/8 levels left

rFire   . . .      SeeInvis .    a - +1 shortbow
rCold   . . .      Faith    .    (shield currently unavailable)
rNeg    . . .      Spirit   .    f - +0 ring mail
rPois   .          Reflect  .    (no helmet)
rElec   .          Harm     .    (no cloak)
rCorr   .          Rampage  .    p - +0 pair of gloves
Will    .....                    (no boots)
Stlth   ++                       (no amulet)
HPRegen 0.33/turn                v - +4 ring of protection
MPRegen 0.11/turn                (no ring)

@: wreathed by umbra
A: no striking features
a: Renounce Religion


You were on level 7 of the Dungeon.
You worshipped Dithmenos.
Dithmenos was aware of your devotion.
You visited 2 branches of the dungeon, and saw 8 of its levels.
You also visited: Sewer.

You collected 1017 gold pieces.

Inventory:

Hand Weapons
 a - a +1 shortbow (weapon)
 e - a +3 short sword
 B - a +0 arbalest
Armour
 c - a +0 leather armour
 f - a +0 ring mail (worn)
 p - a +0 pair of gloves (worn)
Jewellery
 v - a +4 ring of protection (left hand)
Scrolls
 b - 2 scrolls of immolation
 d - 4 scrolls of teleportation
 g - 2 scrolls of butterflies
 l - 2 scrolls of poison
 n - a scroll of amnesia
 s - 2 scrolls of fog
 y - a scroll of magic mapping {unknown}
 A - a scroll of brand weapon {unknown}
Potions
 h - 4 potions of brilliance
 i - 4 potions of mutation {unknown}
 j - a potion of lignification
 k - 3 potions of degeneration {unknown}
 m - a potion of haste {unknown}
 o - 2 potions of might {unknown}
 q - 3 potions of curing {unknown}
 r - 2 potions of invisibility {unknown}
 t - a potion of attraction {unknown}
 u - a potion of resistance {unknown}
 w - 2 potions of heal wounds {unknown}
 x - a potion of cancellation {unknown}
 z - a potion of berserk rage {unknown}


   Skills:
 + Level 7.1 Fighting
 * Level 8.2 Ranged Weapons
 + Level 4.9 Dodging
 + Level 2.9 Stealth


You had 8 spell levels left.
You didn't know any spells.
Your spell library contained the following spells:

 Spells                   Type           Power      Damage    Failure   Level
 Magic Dart               Conj           0%         1d3       56%         1
 Searing Ray              Conj           0%         2d4       71%         2
 Sublimation of Blood     Necr           0%         N/A       71%         2
 Portal Projectile        Hex/Tloc       0%         N/A       90%         3
 Tukima's Dance           Hex            0%         N/A       90%         3
 Fulminant Prism          Conj/Hex       0%         3d5       100%        4
 Petrify                  Tmut/Erth      0%         N/A       100%        4
 Blade Hands              Tmut           0%         N/A       100%        5
 Irradiate                Conj/Tmut      0%         3d11      100%        5


Dungeon Overview and Level Annotations

Branches:
Dungeon (7/15)             Temple (1/1) D:6           Sewer (visited)

Altars:
Dithmenos
Gozag
Makhleb
Nemelex Xobeh
Okawaru
Qazlal
Sif Muna
Trog
Wu Jian
Xom
Zin

Shops:
D:5 :

Annotations:
D:6 2 transporters, Iich's ghost, novice HOFi
D:7 Menkaure


Message History

Menkaure seems to speed up.
You hear a shout!
You are too injured to fight recklessly!
Fire: a) +1 shortbow
Press: ? - help, Q - select action Shift-Dir - straight line, f - Menkaure
Aim: Menkaure (fast, 79% to hit)
You shoot an arrow. The arrow barely misses Menkaure.
Menkaure calls on the powers of darkness!
Your body is wracked with pain!
* * * LOW HITPOINT WARNING * * *
Fire: a) +1 shortbow
Press: ? - help, Q - select action Shift-Dir - straight line, f/p - Menkaure
Aim: Menkaure (fast, 79% to hit)
You shoot an arrow.
The arrow hits Menkaure but does no damage.
Menkaure giggles, "These cerements are ticklish..."
Fire: a) +1 shortbow
Press: ? - help, Q - select action Shift-Dir - straight line, f/p - Menkaure
Aim: Menkaure (fast, 79% to hit)
You shoot an arrow. The arrow hits Menkaure.
Menkaure is lightly damaged.
Fire: a) +1 shortbow
Press: ? - help, Q - select action Shift-Dir - straight line, f/p - Menkaure
Aim: Menkaure (lightly damaged, fast, 79% to hit)
You shoot an arrow. The arrow hits Menkaure.
Menkaure is moderately damaged.
Fire: a) +1 shortbow
Press: ? - help, Q - select action Shift-Dir - straight line, f/p - Menkaure
Aim: Menkaure (moderately damaged, fast, 79% to hit)
You shoot an arrow. The arrow hits Menkaure.
Menkaure is moderately damaged.
A white imp comes into view.
Fire: a) +1 shortbow
Press: ? - help, Q - select action Shift-Dir - straight line, f/p - Menkaure
Aim: Menkaure (moderately damaged, fast, umbra, 79% to hit)
You shoot an arrow.
The arrow hits Menkaure but does no damage.
Menkaure is moderately damaged.
Menkaure hits you!!
You die...

#.... 5... #... ..?.
#... .... #..# ...# #..#
#..# #..# #). #..# #.M##
#<.# #.@## #..#
##..###########..##
###................
####..................
###............#####..##
###...............# #..#
#.................# #..#
#................## #..#
#................# #..#


You could see Menkaure (fast) and a white imp.

Vanquished Creatures
  A water moccasin (D:6)
  An orc warrior (D:7)
  2 black bears
  3 ogres
  2 phantoms
  Blork the orc (D:6)
  A kobold brigand (Sewer)
  3 necrophages
  A bullfrog (D:6)
  3 hounds
  3 orc priests
  A gnoll bouda (D:6)
  3 iguanas
  4 orc wizards
  11 gnolls
  15 adders
  A river rat (Sewer)
  A shadow imp (D:5)
  A white imp (D:6)
  4 worms
  2 dart slugs
  32 orcs
  6 bats
  9 endoplasms
  5 goblins
  5 hobgoblins
  4 jackals
  13 kobolds
  4 quokkas
  13 ball pythons
  6 frilled lizards
  11 rats
172 creatures vanquished.

Notes
Turn   | Place    | Note
-------+----------+-------------------------------------------
     0 | D:1      | damiac the Hill Orc Hunter began the quest for the Orb.
     0 | D:1      | Reached XP level 1. HP: 18/18 MP: 1/1
   149 | D:1      | Reached XP level 2. HP: 25/25 MP: 2/2
   327 | D:1      | Reached skill level 4 in Ranged Weapons
  1041 | D:2      | Reached XP level 3. HP: 30/30 MP: 3/3
  1384 | D:2      | Reached XP level 4. HP: 38/38 MP: 4/4
  1534 | D:2      | Found a shimmering altar of Xom.
  1800 | D:3      | Found a faded altar of an unknown god.
  1853 | D:3      | Reached XP level 5. HP: 19/45 MP: 5/5
  2151 | D:3      | Identified the +0 leather armour "Hiyxtaff" {rElec Will+
                  | Dex-2}
  2628 | D:3      | Reached skill level 5 in Ranged Weapons
  2742 | D:4      | Noticed an ogre
  2748 | D:4      | Killed an ogre
  2749 | D:4      | Reached XP level 6. HP: 47/52 MP: 6/6
  3033 | D:4      | Reached XP level 7. HP: 60/60 MP: 7/7
  3224 | D:4      | Identified a scroll of acquirement
  3224 | D:4      | Acquired 697 gold pieces
  3455 | D:4      | Found a glowing silver altar of Zin.
  3627 | D:4      | Reached skill level 6 in Ranged Weapons
  3712 | D:5      | Entered Level 5 of the Dungeon
  3850 | D:5      | Reached skill level 5 in Fighting
  4502 | D:5      | Reached XP level 8. HP: 45/70 MP: 8/8
  4589 | D:5      | Found Inwero Fufo's Book Shoppe.
  4926 | D:6      | Found a transporter.
  4927 | D:6      | Noticed a two-headed ogre
  4927 | D:6      | Noticed Iich's ghost (novice HOFi)
  4928 | D:6      | Noticed a shadow
  4932 | D:6      | Found a transporter.
  4955 | D:6      | Found a staircase to the Ecumenical Temple.
  4960 | Temple   | Entered the Ecumenical Temple
  5003 | Temple   | Became a worshipper of Dithmenos the Shadowed
  5178 | D:6      | Reached skill level 7 in Ranged Weapons
  5178 | D:6      | Reached skill level 1 in Stealth
  5405 | D:6      | Found a glowing drain.
  5414 | Sewer    | Entered a sewer
  5517 | Sewer    | Reached * piety under Dithmenos
  6039 | D:6      | Noticed Blork the orc
  6043 | D:6      | Reached XP level 9. HP: 67/78 MP: 9/9
  6079 | D:6      | Killed Blork the orc
  6080 | D:6      | Reached skill level 8 in Ranged Weapons
  6660 | D:7      | Noticed Menkaure
  6667 | D:7      | Slain by Menkaure

Illustrated notes

Levels and vault maps discovered:
D:1:      erik_arrival_cave_to_civilisation [erik_arrival_cave_to_hall],
          layout_loops_corners
D:2:      layout_basic, basic_altar
D:3:      layout_loops_corners, chequers_ecumenical_altar_island
D:4:      layout_loops_ring, mainiacjoe_overflow_brackets,
          kennysheep_small_circle
D:5:      layout_loops_corners, serial_shops, nicolae_diamond_shop
D:6:      layout_cave_pools, temple_doors_e, gammafunk_ghost_arena,
          portal_sewer_entry_d, uniq_blork_the_orc
D:7:      layout_cave_pods, enter_ossuary_3, kennysheep_decorative_pillar,
          hangedman_abyss_or_decor_stagger, minmay_misc_feat_diagonals,
          uniq_menkaure
Temple:   roderic_octagonal_lattice_temple

Skill      XL: |  1  2  3  4  5  6  7  8  9 |
---------------+----------------------------+-----
Ranged Weapons | 4 5 6 7 8 |  8.2
Fighting       | 3 4 5 6 7 |  7.1
Dodging        | 2 3 4 |  4.9
Stealth        | 2 |  2.9

Action                     |  1- 3 |  4- 6 |  7- 9 || total
---------------------------+-------+-------+-------++-------
   Fire: Shortbow          |   116 |   143 |   456 ||   715
    Use: Scroll            |       |     5 |     5 ||    10
 Armour: Leather armour    |     1 |       |       ||     1
         Ring mail         |    18 |    24 |   130 ||   172
  Dodge: Dodged            |    31 |    53 |   205 ||   289

Table legend: (Time is in decaauts)
 A = Elapsed time spent in this place.
 B = Non-inter-level travel time spent in this place.
 C = Inter-level travel time spent in this place.
 D = Time resting spent in this place.
 E = Time spent auto-exploring this place.
 F = Levels seen in this place.
 G = Mean time per level.
                   A        B        C        D        E       F      G
               +--------+--------+--------+--------+--------+-----+--------+
         Total |   6966 |   6772 |    194 |    147 |   5172 |   9 |  774.0 |
       Dungeon |   6134 |   5976 |    158 |      0 |   4745 |   7 |  876.3 |
        Temple |    341 |    305 |     36 |    147 |     88 |   1 |  341.0 |
         Sewer |    490 |    490 |      0 |      0 |    339 |   1 |  490.0 |
               +--------+--------+--------+--------+--------+-----+--------+

Top non-repeatable levels by time:
     D:5: 1245 daAuts
     D:3: 1089 daAuts
     D:4: 1076 daAuts
     D:1: 1032 daAuts
     D:6: 943 daAuts
     D:2: 638 daAuts
   Sewer: 490 daAuts
  Temple: 341 daAuts
     D:7: 108 daAuts
